 Dungeon Crawl Stone Soup version 0.18-b1-22-ge198996 (webtiles) character file.

190643 Chiseanne the Eclecticist (level 17, -13/124 HPs)
             Began as a Demonspawn Wizard on May 4, 2016.
             Was an Initiate of Gozag.
             Killed from afar by a greater naga (20 damage)
             ... with a poison arrow
             ... on level 4 of the Snake Pit.
             The game lasted 03:33:06 (40393 turns).

Chiseanne the Eclecticist (Demonspawn Wizard)      Turns: 40393, Time: 03:33:07

Health: -13/124    AC: 18    Str: 16    XL:     17   Next: 55%
Magic:  0/41       EV:  9    Int: 32    God:    Gozag
Gold:   1962       SH:  5    Dex: 18    Spells: 12 memorised, 4 levels left

rFire  + . .     SeeInvis +     a - +8 war axe of Terror {flame, rElec Stlth+}
rCold  + . .     Gourm    .     u - +0 leather armour of Hospitality {rN+ Regen+ Dex+4 SInv}
rNeg   + . .     Faith    .     S - +0 buckler
rPois  +         Spirit   +     K - +0 helmet of Iwnaohoph {+Blink rElec rCorr Dex-3}
rElec  +         Dismiss  .     t - +2 cloak {MR+}
rCorr  +         Reflect  .     O - +0 pair of gloves
SustAt .         Harm     .     r - +1 pair of boots of the Ladybird {rPois Str+2 SInv}
MR     +++..                    j - amulet "Ire Duig" {RegenMP rC+ Dex+5 Stlth+}
Stlth  ++++......               V - ring of Conversion {rF+ Str+6 SInv}
                                c - ring "Teroillol" {+Inv rPois Int+6}

@: lethally poisoned (-13 -> -16), about to teleport, gold aura, very slightly
contaminated, constricted, extremely resistant to hostile enchantments, stealthy
A: hooves 2, rough black scales 2, see invisible, clever 1, foul stench 1, magic
resistance 1, magic shield, magic regeneration, rot immunity
a: Potion Petition, Call Merchant, Bribe Branch, Renounce Religion, Evoke Blink,
Evoke Invisibility
}: 1/15 runes: decaying


You were on level 4 of the Snake Pit.
You worshipped Gozag.
Gozag was noncommittal.
You were hungry.

You visited 6 branches of the dungeon, and saw 34 of its levels.
You also visited: Labyrinth and Volcano.

You collected 14521 gold pieces.
You spent 4613 gold pieces at shops.
You paid 7930 gold pieces to Gozag.

Inventory:

Hand Weapons
 a - the +8 war axe of Terror (weapon) {flame, rElec Stlth+}
   (You bought it in a shop on level 2 of the Orcish Mines)

   It has been specially enchanted to burn those struck by it, causing extra
   injury to most foes and up to half again as much damage against particularly
   susceptible opponents.
   Big, fiery blades are also staple armaments of hydra-hunters.
   It insulates you from electricity.
   It makes you more stealthy.
 s - a +3 flail of protection
 w - a +0 blowgun
Missiles
 f - 19 stones
 y - 57 poisoned needles
 T - 3 throwing nets (quivered)
 U - 6 curare-tipped needles
Armour
 r - the +1 pair of boots of the Ladybird (worn) {rPois Str+2 SInv}
   (You bought it in a shop on level 2 of the Lair of Beasts)

   It affects your strength (+2).
   It protects you from poison.
   It lets you see invisible.
 t - a +2 cloak of magic resistance (worn)
 u - the +0 leather armour of Hospitality (worn) {rN+ Regen+ Dex+4 SInv}
   (You bought it in a shop on level 2 of the Lair of Beasts)

   It affects your dexterity (+4).
   It protects you from negative energy.
   It lets you see invisible.
   It increases your rate of regeneration.
 K - the +0 helmet of Iwnaohoph (worn) {+Blink rElec rCorr Dex-3}
   (You bought it in a shop on level 8 of the Dungeon)

   It affects your dexterity (-3).
   It insulates you from electricity.
   It lets you blink.
   It protects you from acid and corrosion.
 O - a +0 pair of gloves (worn)
 S - a +0 buckler (worn)
Jewellery
 c - the ring "Teroillol" (left hand) {+Inv rPois Int+6}
   (You bought it in a shop on level 15 of the Dungeon)

   [ring of poison resistance]

   It affects your intelligence (+6).
   It protects you from poison.
   It lets you turn invisible.
 j - the amulet "Ire Duig" (around neck) {RegenMP rC+ Dex+5 Stlth+}
   (You bought it in a shop on level 15 of the Dungeon)

   [amulet of magic regeneration]

   It increases your magic regeneration.
   It affects your dexterity (+5).
   It protects you from cold.
   It makes you more stealthy.
 R - the ring of Jaevepoy {+Fly rF+ rN+}
   (You found it on level 8 of the Lair of Beasts)

   [ring of positive energy]

   It protects you from fire.
   It protects you from negative energy.
   It lets you fly.
 V - the ring of Conversion (right hand) {rF+ Str+6 SInv}
   (You bought it in a shop on level 10 of the Dungeon)

   [ring of see invisible]

   It affects your strength (+6).
   It protects you from fire.
   It lets you see invisible.
Wands
 b - a wand of lightning (6/15)
 g - a wand of iceblast (2/15)
 k - a wand of teleportation (0/9)
 H - a wand of digging (7/24)
 Q - a wand of digging (9/24)
 Y - a wand of disintegration (5/24)
Scrolls
 h - a scroll of immolation
 q - 11 scrolls of remove curse
 A - 14 scrolls of identify
 C - 6 scrolls of fog
Potions
 i - 2 potions of cancellation
 l - 2 potions of ambrosia
 n - 12 potions of curing
 x - 6 potions of lignification
 D - 2 potions of berserk rage
 E - a potion of magic
 W - 3 potions of invisibility
 Z - a potion of might
Books
 d - a book of Ice

   Spells                             Type                      Level
   a - Ice Form                       Ice/Transmutation            4
   b - Metabolic Englaciation         Hexes/Ice                    5
   c - Ozocubu's Refrigeration        Ice                          6
   d - Bolt of Cold                   Conjuration/Ice              6
   e - Freezing Cloud                 Conjuration/Ice/Air          6
   f - Simulacrum                     Ice/Necromancy               6
Miscellaneous
 G - a phial of floods
Comestibles
 p - 2 fruits
 B - 8 bread rations
 J - 5 meat rations


   Skills:
 - Level 8.4 Fighting
 - Level 5.3 Armour
 - Level 1.7 Dodging
 - Level 1.7 Stealth
 - Level 4.0 Shields
 - Level 20.0 Spellcasting
 - Level 13.5 Conjurations
   Level 1.0 Summonings
 - Level 0.8 Translocations
 - Level 10.7 Fire Magic
 + Level 8.5 Ice Magic


You had 4 spell levels left.
You knew the following spells:

 Your Spells              Type           Power        Failure   Level  Hunger
a - Magic Dart            Conj           ####         0%          1    None
b - Bolt of Fire          Conj/Fire      #######...   1%          6    None
c - Bolt of Cold          Conj/Ice       #######...   1%          6    None
d - Fireball              Conj/Fire      #######...   1%          5    None
e - Poison Arrow          Conj/Pois      ######....   14%         6    None
f - Ignite Poison         Fire/Trmt/Pois ######..     1%          3    None
g - Mephitic Cloud        Conj/Pois/Air  ######..     1%          3    None
h - Freezing Cloud        Conj/Ice/Air   ######....   12%         6    None
i - Blink                 Tloc           N/A          1%          2    None
j - Repel Missiles        Chrm/Air       ####..       1%          2    None
k - Conjure Flame         Conj/Fire      #######.     1%          3    None
l - Fire Storm            Conj/Fire      #######...   100%        9    ######.


Dungeon Overview and Level Annotations

Branches:
Dungeon (15/15)            Temple (1/1) D:5            Lair (8/8) D:10
  Swamp (4/4) Lair:3        Snake (4/4) Lair:3        Slime (0/6) Lair:8
    Orc (2/2) D:12            Elf (0/3) Orc:2        Vaults (0/5) D:14
 Depths (0/5) D:15

Altars:
Ashenzari
Cheibriados
Dithmenos
Elyvilon
Fedhas
Gozag
Kikubaaqudgha
Makhleb
Nemelex Xobeh
Okawaru
Pakellas
Qazlal
Ru
Sif Muna
Trog
Vehumet
Xom
Yredelemnul
Zin
The Shining One
Beogh

Shops:
D:7 %   D:8 [   D:10 =   D:12 =   D:13 *   D:14 }   D:15 (==   Orc:2 ([*=
Lair:2 [

Annotations:
D:4 benbatman's ghost, amateur TrMo
D:6 Chiseanne's ghost, novice DsWz
D:7 no0bjke's ghost, novice GrBe
D:8 exclusion: door


Innate Abilities, Weirdness & Mutations

You have hoof-like feet.
You are mostly covered in rough black scales (AC +7, Dex -2).
You may emit foul miasma when damaged in melee.
When hurt, damage is shared between your health and your magic reserves.
You regenerate magic rapidly.
You are immune to rotting.
You have supernaturally acute eyesight.
Your mind is acute. (Int +2)
You are resistant to hostile enchantments.


Message History

The greater naga hits you from afar with an antimagic halberd.
You feel your power leaking away. The sea snake bites you!
* * * LOW HITPOINT WARNING * * *
The sea snake looks sick.
The greater naga points at you and mumbles some strange words.
The poison arrow hits you!
You are poisoned.
You partially resist.
* * * LOW HITPOINT WARNING * * *
The naga hits you with a dire flail!
* * * LOW HITPOINT WARNING * * *
The naga looks sick.
The guardian serpent coils itself and performs some mystic snake dance.
The greater naga gestures at you while chanting.
The poison arrow hits you!
You are more poisoned.
You partially resist.
You die...
Your body crumbles into a pile of gold.

######### ***#.≈≈≈≈NS####
**,,...≈NSN@S..##
*,,≈≈N...NNNN≈.N#
***≈,≈≈≈≈.φ.≈≈≈≈.≈#**
***≈≈≈,≈≈≈≈...≈≈≈≈.≈≈≈#** *
**,,,≈≈,≈≈≈≈≈.≈≈≈S≈.≈≈..,**
*
*,,,,,,,,≈≈≈≈.≈≈≈≈......,,**
*
,,***≈≈≈,≈≈≈≈.≈≈≈≈.≈≈≈##*,,*
,,* **≈≈,S..NN.....≈≈## *,,*
,,** *≈≈≈≈N#####≈≈≈≈≈# **,,*


You could see 4 greater nagas, a naga sharpshooter (fleeing), 2 sea snakes, 3
guardian serpents and 6 nagas.

Vanquished Creatures
  Rupert (D:14)
  A thorn hunter (Swamp:1)
  Maud (Lair:8)
  A frost giant (D:15)
  An orc warlord (Orc:2)
  A salamander stormcaller (D:15)
  Nessos (Orc:2)
  Snorg (Lair:8)
  A fire dragon (Volcano)
  A minotaur (Lab)
  Harold (D:12)
  16 hydras
  A ghost crab (Swamp:4)
  3 naga warriors
  Erica (D:10)
  7 centaur warriors
  A catoblepas (Lair:8)
  2 ogre magi
  A queen ant (Lair:8)
  2 anacondas (Snake:4)
  An alligator (Swamp:4)
  16 death yaks
  A tengu warrior (D:9)
  A naga sharpshooter (Snake:1)
  A deep elf knight (D:12)
  6 shock serpents
  2 orc high priests (Orc:2)
  Sonja (Lair:2)
  2 unseen horrors
  2 sea snakes (Snake:4)
  A wizard (D:12)
  A swamp dragon (Swamp:1)
  6 hill giants
  3 spriggan druids
  2 spectral hydras (Swamp:4)
  A phantasmal warrior (Swamp:4)
  3 orc knights
  A wolf spider zombie (D:13)
  2 wolf spiders (Lair:8)
  7 orc sorcerers
  An oklob plant (Lair:2)
  12 ugly things
  2 griffons
  4 manticores
  A salamander (Volcano)
  2 deep elf magi
  4 cyclopes
  2 mana vipers (Snake:2)
  3 hornets
  Maurice (D:8)
  2 guardian serpents
  26 elephants
  11 black mambas
  Joseph (D:8)
  A gargoyle (D:14)
  3 naga magi
  An eye of devastation (Lair:8)
  2 torpor snails
  17 spiny frogs
  6 swamp worm zombies (Swamp:4)
  5 rime drakes
  A kobold demonologist (D:14)
  A freezing wraith (D:15)
  2 hydra zombies (Swamp:4)
  A tengu conjurer (D:14)
  15 komodo dragons
  2 polar bears
  2 queen bees
  2 trolls
  2 giant leeches
  Prince Ribbit (D:8)
  9 two-headed ogres
  19 slime creatures
  6 bog bodies
  3 alligator zombies (Swamp:4)
  17 blink frogs
  4 spectral swamp dragons (Swamp:4)
  7 shadows
  8 spriggans
  3 wraiths
  8 fire bats
  Eustachio (D:5)
  2 redbacks (Lab)
  16 wyverns
  48 yaks
  Grum (D:9)
  6 basilisks
  8 hungry ghosts
  A steam dragon (Volcano)
  16 nagas
  12 hippogriffs
  20 vampire mosquitoes
  4 mottled dragons
  9 swamp worms
  14 soldier ants (Lair:8)
  5 wargs (Orc:1)
  A soldier ant (shapeshifter) (D:13)
  15 insubstantial wisps
  24 water moccasins
  A hornet simulacrum (D:14)
  16 porcupines
  4 ice beasts
  37 orc warriors
  8 wasps
  5 sky beasts
  3 swamp drakes
  4 black bears (D:8)
  3 swamp dragon zombies (Swamp:4)
  25 ogres
  2 eyes of draining
  3 necrophages
  6 phantoms
  4 wolves
  14 centaurs
  28 crocodiles
  3 big kobolds
  25 giant frogs
  An earth elemental (Lab)
  A gnoll sergeant (D:10)
  A wyvern skeleton (D:6)
  3 scorpions
  50 killer bees
  15 wights
  8 howler monkeys
  An electric eel (Lair:5)
  A wasp zombie (D:12)
  8 crimson imps
  9 hounds
  5 jellies
  A giant frog zombie (D:5)
  22 orc wizards
  A quasit (D:14)
  15 orc priests
  7 centaur skeletons
  13 iguanas
  A spectral swamp drake (Swamp:4)
  43 worker ants
  A killer bee zombie (D:9)
  22 sheep
  2 hound zombies
  A hound skeleton (D:8)
  A howler monkey zombie (D:9)
  2 worker ant zombies
  25 adders
  4 gnolls (D:8)
  A howler monkey skeleton (D:9)
  82 river rats
  A swamp drake zombie (Swamp:4)
  2 shadow imps
  2 oozes (D:3)
  2 adder zombies
  4 worms
  A dart slug (D:1)
  7 giant geckos
  87 orcs
  2 giant cockroaches (D:1)
  5 hobgoblins
  23 jackals
  22 kobolds
  9 quokkas
  7 bats
  2 giant gecko skeletons
  5 giant newts
  7 goblins
  7 rats
  29 fungi
  49 plants
1339 creatures vanquished.

Vanquished Creatures (collateral kills)
  A hydra zombie (Swamp:4)
  An ogre (D:9)
  3 killer bees
5 creatures vanquished.

Vanquished Creatures (others)
  Nikola (Swamp:1)
  2 dancing weapons (D:14)
  A death yak (Lair:8)
  3 slime creatures
  A wyvern (D:15)
  A yak (Lair:8)
  A vampire mosquito (Swamp:1)
  3 insubstantial wisps (Swamp:4)
  A killer bee (D:10)
  An orc wizard (Orc:2)
  An adder (D:12)
  2 river rats (Lair:8)
  A giant newt (Lair:3)
  36 fungi
  81 plants
136 creatures vanquished.

Grand Total: 1480 creatures vanquished

Notes
Turn   | Place    | Note
--------------------------------------------------------------
     0 | D:1      | Chiseanne the Demonspawn Wizard began the quest for the Orb.
     0 | D:1      | Reached XP level 1. HP: 13/13 MP: 4/4
   345 | D:1      | Gained mutation: When hurt, damage is shared between your health and your magic reserves. [demonic ancestry]
   345 | D:1      | Reached XP level 2. HP: 19/19 MP: 6/6
  1233 | D:1      | Learned a level 2 spell: Blink
  1236 | D:1      | Learned a level 2 spell: Repel Missiles
  1275 | D:2      | Found an iron altar of Okawaru.
  1279 | D:1      | Reached XP level 3. HP: 23/24 MP: 7/7
  1301 | D:1      | Learned a level 3 spell: Mephitic Cloud
  1565 | D:2      | Found an oddly glowing altar of Pakellas.
  2195 | D:2      | Reached XP level 4. HP: 24/30 MP: 9/9
  2355 | D:2      | Found a basalt altar of Yredelemnul.
  2470 | D:3      | Found a shadowy altar of Dithmenos.
  2883 | D:3      | Reached skill level 1 in Armour
  2984 | D:3      | Found a blossoming altar of Fedhas.
  3035 | D:3      | Reached skill level 1 in Fighting
  3341 | D:4      | Noticed benbatman's ghost (amateur TrMo)
  3399 | D:4      | Gained mutation: You regenerate magic rapidly. [demonic ancestry]
  3399 | D:4      | Reached XP level 5. HP: 36/37 MP: 10/10
  3574 | D:4      | Found a glowing silver altar of Zin.
  4227 | D:5      | Entered Level 5 of the Dungeon
  4282 | D:5      | Noticed a sky beast
  4297 | D:5      | Killed a sky beast
  4297 | D:5      | Reached XP level 6. HP: 28/46 MP: 8/11
  4430 | D:5      | Noticed Eustachio
  4439 | D:5      | Killed Eustachio
  4905 | D:5      | Found a bloodstained altar of Trog.
  4921 | D:5      | Reached XP level 7. HP: 45/52 MP: 4/12
  4926 | D:5      | Reached skill level 5 in Armour
  5302 | D:5      | Found a staircase to the Ecumenical Temple.
  5331 | Temple   | Entered the Ecumenical Temple
  5385 | Temple   | Became a worshipper of Gozag Ym Sagoz the Greedy
  5967 | D:6      | Reached skill level 4 in Spellcasting
  6202 | D:6      | Found a white marble altar of Elyvilon.
  6326 | D:6      | Reached skill level 5 in Spellcasting
  6392 | D:6      | Reached XP level 8. HP: 48/58 MP: 9/16
  6473 | D:6      | Noticed Chiseanne's ghost (novice DsWz)
  6567 | D:6      | Reached skill level 6 in Spellcasting
  6913 | D:6      | Reached skill level 7 in Spellcasting
  7086 | D:5      | Learned a level 3 spell: Conjure Flame
  7438 | D:7      | Found Habixomo's Food Shop.
  7941 | D:6      | Reached skill level 8 in Spellcasting
  8165 | D:6      | Found a stormy altar of Qazlal.
  8282 | D:7      | Bought a beef jerky for 21 gold pieces
  8282 | D:7      | Bought a beef jerky for 21 gold pieces
  8282 | D:7      | Bought a beef jerky for 21 gold pieces
  8496 | D:7      | Noticed no0bjke's ghost (novice GrBe)
  8664 | D:8      | Gained mutation: You are immune to rotting. [demonic ancestry]
  8664 | D:8      | Reached XP level 9. HP: 64/64 MP: 21/21
  8778 | D:8      | Noticed Maurice
  8800 | D:8      | Killed Maurice
  8800 | D:8      | Reached skill level 9 in Spellcasting
  9030 | D:8      | Noticed Prince Ribbit
  9260 | D:8      | Reached skill level 10 in Spellcasting
  9748 | D:8      | Reached skill level 5 in Conjurations
  9786 | D:8      | Noticed a manticore
  9804 | D:8      | Killed a manticore
  9898 | D:8      | Gained mutation: You are partially covered in rough black scales (AC +4, Dex -1). [demonic ancestry]
  9898 | D:8      | Reached XP level 10. HP: 42/70 MP: 24/24
 10173 | D:8      | Bought an ancient helmet for 209 gold pieces
 10173 | D:8      | Bought a smoking robe for 125 gold pieces
 10173 | D:8      | Bought a pair of runed boots for 99 gold pieces
 10301 | D:8      | Identified the cursed +0 helmet of Iwnaohoph {+Blink rElec rCorr Dex-3} (You bought it in a shop on level 8 of the Dungeon)
 10312 | D:8      | Identified the +2 robe "Baolokuv" {rElec MP+9 SInv} (You bought it in a shop on level 8 of the Dungeon)
 10404 | D:8      | Noticed Joseph
 10439 | D:8      | Killed Joseph
 10511 | D:8      | Killed Prince Ribbit
 10524 | D:8      | Reached skill level 11 in Spellcasting
 11566 | D:9      | Noticed a tengu warrior
 11568 | D:9      | Noticed a tengu warrior
 11615 | D:9      | Noticed Grum
 11687 | D:9      | Killed Grum
 11695 | D:9      | Killed a tengu warrior
 11743 | D:9      | Got a smoking morningstar {vamp}
 12187 | D:10     | Entered Level 10 of the Dungeon
 12363 | D:10     | Found a roughly hewn altar of Beogh.
 12727 | D:10     | Found a staircase to the Lair.
 12826 | D:10     | Gained mutation: You are mostly covered in rough black scales (AC +7, Dex -2). [demonic ancestry]
 12826 | D:10     | Reached XP level 11. HP: 75/75 MP: 26/26
 12939 | D:10     | Noticed a hill giant
 12946 | D:10     | Killed a hill giant
 12946 | D:10     | Reached skill level 12 in Spellcasting
 13127 | D:10     | Noticed Erica
 13151 | D:10     | Killed Erica
 13238 | D:10     | Noticed a hill giant
 13266 | D:10     | Killed a hill giant
 13497 | D:10     | Gained mutation: Your mind is acute. (Int +2) [potion of beneficial mutation]
 13498 | D:10     | Gained mutation: You are resistant to hostile enchantments. [potion of beneficial mutation]
 13794 | D:10     | Bought a cursed amulet of inaccuracy for 30 gold pieces
 13794 | D:10     | Bought a cursed -2 ring of slaying for 30 gold pieces
 13826 | D:11     | Reached skill level 10 in Conjurations
 14331 | D:11     | Found an iron altar of Okawaru.
 14589 | D:10     | Bought the ring of Conversion {rF+ Str+6 SInv} for 624 gold pieces
 15474 | D:12     | Noticed a hill giant
 15506 | D:12     | Killed a hill giant
 15585 | D:12     | Reached skill level 13 in Spellcasting
 15683 | D:12     | Noticed a cyan ugly thing
 15689 | D:12     | Killed a cyan ugly thing
 15794 | D:12     | Found a staircase to the Orcish Mines.
 16460 | D:12     | Noticed a hill giant
 16470 | D:12     | Killed a hill giant
 16470 | D:12     | Reached XP level 12. HP: 70/81 MP: 29/29
 16584 | D:12     | Noticed Harold
 17232 | D:12     | Killed Harold
 17846 | D:12     | Reached skill level 14 in Spellcasting
 18572 | D:13     | Noticed a centaur warrior
 18588 | D:13     | Killed a centaur warrior
 18711 | D:13     | Noticed an eight-headed hydra
 18970 | D:13     | You are sucked into a shaft for 2 floors!
 18970 | D:15     | Entered Level 15 of the Dungeon
 18993 | D:15     | Noticed an ogre mage
 19006 | D:15     | Noticed a centaur warrior
 19007 | D:15     | Killed an ogre mage
 19040 | D:15     | Killed a centaur warrior
 19047 | D:15     | Reached XP level 13. HP: 73/87 MP: 21/31
 19137 | D:15     | Bought a cursed ring of teleportation for 49 gold pieces
 19555 | D:15     | Noticed a salamander stormcaller
 19793 | D:15     | Noticed a frost giant
 19809 | D:15     | Killed a frost giant
 19902 | D:15     | Found a staircase to the Depths.
 20164 | Orc:1    | Entered Level 1 of the Orcish Mines
 20309 | Orc:1    | Reached skill level 1 in Shields
 20818 | D:12     | Bought a cursed +1 ring of protection for 26 gold pieces
 20833 | Orc:2    | Entered Level 2 of the Orcish Mines
 21197 | Orc:2    | Noticed Nessos
 21203 | Orc:2    | Found a staircase to the Elven Halls.
 21415 | Orc:2    | Killed Nessos
 21525 | Orc:2    | Found Qexzyq's Antique Weapon Emporium.
 21548 | Orc:2    | Reached skill level 5 in Fighting
 21622 | Orc:2    | Bought a crude war axe for 263 gold pieces
 21622 | Orc:2    | Identified the +8 war axe of Terror {flame, rElec Stlth+} (You bought it in a shop on level 2 of the Orcish Mines)
 21651 | Orc:2    | Found Relomiguma's General Store.
 21651 | Orc:2    | Noticed an orc warlord
 21872 | Lair:1   | Entered Level 1 of the Lair of Beasts
 22891 | Lair:1   | Identified a scroll of acquirement
 23770 | Lair:2   | Noticed Sonja
 23816 | Lair:3   | Learned a level 5 spell: Fireball
 23823 | Lair:3   | Learned a level 6 spell: Bolt of Fire
 23843 | Lair:3   | Reached skill level 1 in Fire Magic
 23926 | Lair:3   | Found a staircase to the Snake Pit.
 23948 | Lair:2   | Bought the +1 pair of boots of the Ladybird {rPois Str+2 SInv} for 320 gold pieces
 23948 | Lair:2   | Bought a +1 cloak of magic resistance for 181 gold pieces
 23997 | Lair:2   | Killed Sonja
 24038 | Lair:2   | Bought the +0 leather armour of Hospitality {rN+ Regen+ Dex+4 SInv} for 283 gold pieces
 24283 | Lair:2   | Gained mutation: You have large cloven feet. [demonic ancestry]
 24283 | Lair:2   | Reached XP level 14. HP: 68/106 MP: 28/32
 24360 | Lair:2   | Found a sparkling altar of Nemelex Xobeh.
 25179 | Lair:3   | Reached skill level 5 in Fire Magic
 25670 | Lair:3   | Found a staircase to the Swamp.
 25808 | Lair:4   | Found a labyrinth entrance.
 25816 | Lab      | Entered a labyrinth
 27258 | Lair:4   | Got a transparent rapier
 27259 | Lair:4   | Identified the +2 rapier of Makhleb's Generosity {freeze, Str+4 Dex-5} (You found it on level 4 of the Lair of Beasts)
 27616 | Lair:5   | Found a dark tunnel.
 27670 | Volcano  | Entered a volcano
 28447 | Lair:5   | Reached skill level 15 in Spellcasting
 30088 | Lair:7   | Gained mutation: You may emit foul miasma when damaged in melee. [demonic ancestry]
 30088 | Lair:7   | Reached XP level 15. HP: 112/112 MP: 34/34
 30102 | Lair:7   | Reached skill level 16 in Spellcasting
 30860 | Lair:8   | Entered Level 8 of the Lair of Beasts
 30876 | Lair:8   | Noticed Maud
 30892 | Lair:8   | Found a staircase to the Slime Pits.
 30909 | Lair:8   | Found an iron altar of Okawaru.
 30909 | Lair:8   | Noticed Snorg
 31347 | Lair:8   | Reached skill level 17 in Spellcasting
 31360 | Lair:8   | Learned a level 3 spell: Ignite Poison
 31880 | Lair:8   | Killed Snorg
 32108 | Lair:8   | Killed Maud
 32536 | Lair:8   | Reached skill level 18 in Spellcasting
 32869 | Lair:8   | Reached XP level 16. HP: 118/118 MP: 36/38
 32890 | Lair:8   | Got a wavering ivory ring
 32935 | Lair:8   | Identified the ring of Jaevepoy {+Fly rF+ rN+} (You found it on level 8 of the Lair of Beasts)
 33878 | D:13     | Found Ewotauc's Assorted Antiques.
 33884 | D:13     | Bought a leatherbound book for 390 gold pieces
 33884 | D:13     | Bought a hardcover book for 390 gold pieces
 33884 | D:13     | Bought a scroll of immolation for 91 gold pieces
 33884 | D:13     | Bought a wand of disintegration for 104 gold pieces
 33892 | D:13     | Gained mutation: You have supernaturally acute eyesight. [potion of beneficial mutation]
 34262 | D:14     | Noticed Rupert
 34300 | D:14     | Found a burning altar of Makhleb.
 34517 | D:14     | Killed Rupert
 34517 | D:14     | Reached skill level 19 in Spellcasting
 34781 | D:14     | Found a gate to the Vaults.
 34852 | D:14     | Found an oddly glowing altar of Pakellas.
 34852 | D:14     | Found Pakellas's Prime Provisions.
 35014 | D:14     | Found a shattered altar of Ashenzari.
 35188 | D:14     | Learned a level 6 spell: Poison Arrow
 35469 | D:15     | Bought the amulet "Ire Duig" {RegenMP rC+ Dex+5 Stlth+} for 630 gold pieces
 35600 | D:15     | Bought the ring "Teroillol" {+Inv rPois Int+6} for 512 gold pieces
 35738 | D:13     | Reached skill level 10 in Fire Magic
 35830 | D:15     | Learned a level 9 spell: Fire Storm
 36128 | Orc:2    | Bought a scroll of identify for 26 gold pieces
 36128 | Orc:2    | Bought a scroll of identify for 26 gold pieces
 36169 | Orc:2    | Found Egynu's Jewellery Emporium.
 36474 | Orc:2    | Bought a cursed ring of loudness for 58 gold pieces
 36474 | Orc:2    | Bought a cursed -3 ring of dexterity for 26 gold pieces
 36474 | Orc:2    | Bought a cursed ring of loudness for 58 gold pieces
 36512 | Orc:2    | Found Xying's Antique Armour Shop.
 36842 | Swamp:1  | Entered Level 1 of the Swamp
 37460 | Swamp:1  | Learned a level 6 spell: Bolt of Cold
 37468 | Swamp:1  | Learned a level 6 spell: Freezing Cloud
 37486 | Swamp:1  | Noticed a thorn hunter
 37492 | Swamp:1  | Killed a thorn hunter
 37621 | Swamp:1  | Reached skill level 1 in Ice Magic
 37632 | Swamp:1  | Noticed Nikola
 37713 | Swamp:1  | Killed Nikola
 38010 | Swamp:3  | Gained mutation: You have hoof-like feet. [demonic ancestry]
 38010 | Swamp:3  | Reached XP level 17. HP: 112/124 MP: 26/40
 38014 | Swamp:3  | Reached skill level 20 in Spellcasting
 38094 | Swamp:4  | Entered Level 4 of the Swamp
 38706 | Swamp:4  | Reached skill level 5 in Ice Magic
 39094 | Swamp:4  | Noticed a bone dragon
 39131 | Swamp:4  | Got a decaying rune of Zot
 39496 | Snake:1  | Entered Level 1 of the Snake Pit
 40207 | Snake:4  | Entered Level 4 of the Snake Pit
 40325 | Snake:4  | Found a blossoming altar of Fedhas.
 40393 | Snake:4  | Killed from afar by a greater naga

Skill      XL: |  1  2  3  4  5  6  7  8  9 10 11 12 13 14 15 16 17 |
---------------+----------------------------------------------------+-----
Conjurations   | 2 5 8 11 13 | 13.5
Armour         | 1 3 4 5 |  5.3
Fighting       | 1 2 3 8 |  8.4
Spellcasting   | 5 8 10 11 13 14 15 18 19 20 | 20.0
Shields        | 4 |  4.0
Fire Magic     | 3 9 10 | 10.7
Ice Magic      | 1 8 |  8.5
Dodging        | |  1.7
Stealth        | |  1.7
Summonings     | |  1.0
Translocations | |  0.8

Action                   |  1- 3 |  4- 6 |  7- 9 | 10-12 | 13-15 | 16-18 || total
-------------------------+-------+-------+-------+-------+-------+-------++-------
Melee: Short sword       |    28 |       |       |       |       |       ||    28
       Hand axe          |       |    81 |   114 |   644 |   372 |       ||  1211
       Whip              |       |       |    28 |    77 |    36 |       ||   141
       Scimitar          |       |       |       |     4 |     3 |       ||     7
       War axe           |       |       |       |       |  1121 |   334 ||  1455
       Flail             |       |       |       |       |     6 |       ||     6
 Fire: Blowgun           |       |       |       |       |    19 |    13 ||    32
 Cast: Magic Dart        |   102 |    45 |   226 |   487 |   696 |    31 ||  1587
       Repel Missiles    |     2 |       |     1 |     2 |     3 |     3 ||    11
       Blink             |     1 |       |     9 |    14 |    53 |     6 ||    83
       Mephitic Cloud    |       |     3 |    19 |    61 |    60 |     5 ||   148
       Conjure Flame     |       |       |    17 |    72 |    40 |       ||   129
       Fireball          |       |       |       |       |   135 |    97 ||   232
       Bolt of Fire      |       |       |       |       |    21 |   175 ||   196
       Ignite Poison     |       |       |       |       |     3 |     3 ||     6
       Bolt of Cold      |       |       |       |       |       |    75 ||    75
       Poison Arrow      |       |       |       |       |       |     4 ||     4
       Freezing Cloud    |       |       |       |       |       |    16 ||    16
Invok: Call Merchant     |       |       |       |     2 |     3 |     2 ||     7
       Potion Petition   |       |       |       |       |     2 |       ||     2
Evoke: Wand              |       |       |    18 |     3 |    18 |     5 ||    44
       Deck              |       |       |       |     1 |     7 |     4 ||    12
       Phial of floods   |       |       |       |       |       |     1 ||     1
  Use: Scroll            |    11 |     6 |     5 |     7 |    17 |    14 ||    60
       Potion            |     1 |       |     1 |     6 |     2 |     3 ||    13
 Stab: Sleeping          |       |     2 |       |       |    16 |     2 ||    20
       Confused          |       |     1 |     2 |    12 |     6 |       ||    21
       Paralysed         |       |       |     2 |     5 |       |       ||     7
       Distracted        |       |       |       |     5 |     8 |     3 ||    16
       Invisible         |       |       |       |       |     1 |       ||     1
  Eat: Chunk             |     4 |     6 |     2 |       |       |       ||    12
       Beef jerky        |       |     1 |     1 |     2 |     3 |     1 ||     8
       Bread ration      |       |       |     3 |     2 |     3 |     4 ||    12
       Royal jelly       |       |       |     1 |     6 |    10 |     4 ||    21
       Meat ration       |       |       |       |     1 |       |       ||     1
       Pizza             |       |       |       |     2 |     2 |       ||     4
       Fruit             |       |       |       |       |    13 |       ||    13
Armor: Robe              |    15 |       |    15 |   445 |   226 |       ||   701
       Leather armour    |       |    21 |    22 |       |   658 |   273 ||   974
       Skin              |       |       |       |    15 |       |       ||    15
Dodge: Dodged            |    59 |    35 |   113 |   613 |  1147 |   306 ||  2273
       Deflected         |     3 |       |     5 |     3 |    16 |    13 ||    40
Block: Buckler           |       |       |       |       |   421 |   149 ||   570
